 Dungeon Crawl Stone Soup version 0.30.1-3-gfc49f6343a (webtiles) character file.

Game seed: 10596373085278158313

58 Almogavar the Covered (level 4, -2/29 HPs)
             Began as a Gargoyle Fighter on Aug 4, 2023.
             Slain by a gnoll
             ... wielding a +0 halberd
              (8 damage)
             ... on level 2 of the Dungeon.
             The game lasted 00:02:33 (975 turns).

Almogavar the Covered (Gargoyle Fighter)             Turns: 975, Time: 00:02:33

Health: -2/29      AC:  8    Str: 22    XL:     4   Next: 1%
Magic:  4/4        EV:  9    Int:  8    God:
Gold:   58         SH:  4    Dex:  9    Spells: 3/3 levels left

rFire   . . .        a - +0 flail
rCold   . . .        c - +0 buckler
rNeg    + . .        b - +0 scale mail
rPois   ∞            g - +0 helmet
rElec   +            (no cloak)
rCorr   .            (no gloves)
SInv    .            (no boots)
Will    .....        (no amulet) Stlth
                     (no ring)
HPRegen 0.24/turn    (no ring)
MPRegen 0.09/turn

%: no passive effects
@: no status effects
A: sickness immunity, AC +3, negative energy resistance 1, electricity
resistance, torment resistance 1, petrification resistance, claws 1, deformed
body, subdued magic 1
a: no special abilities


You were on level 2 of the Dungeon.
You visited 1 branch of the dungeon, and saw 2 of its levels.

You collected 58 gold pieces.

Inventory:

Hand Weapons
 a - a +0 flail (weapon)
Armour
 b - a +0 scale mail (worn)
 c - a +0 buckler (worn)
 g - a +0 helmet (worn)
Scrolls
 i - a scroll of enchant armour {unknown}
 j - a scroll of vulnerability {unknown}
Potions
 d - a potion of might
 e - a potion of curing {unknown}
 f - a potion of haste {unknown}
 h - a potion of mutation
 k - a potion of heal wounds {unknown}


   Skills:
 + Level 3.9 Fighting
 + Level 2.8 Maces & Flails
 + Level 3.9 Armour
 + Level 3.6 Shields


You had 3 spell levels left.
You didn't know any spells.
Your spell library contained the following spells:

 Spells                   Type           Power      Damage    Failure   Level
 Lesser Beckoning         Tloc           0%         N/A       88%         2
 Gell's Gravitas          Tloc           0%         N/A       98%         3
 Stone Arrow              Conj/Erth      0%         3d7       98%         3
 Teleport Other           Tloc           0%         N/A       98%         3
 Animate Armour           Summ/Erth      0%         N/A       100%        4
 Lehudib's Crystal Spear  Conj/Erth      0%         10d2      100%        8


Dungeon Overview and Level Annotations

Branches:
Dungeon (2/15)

Altars:


Innate Abilities, Weirdness & Mutations

You are immune to sickness and miasma.
Your stone body is resilient. (AC +3)
You are immune to poison.
You resist negative energy. (rN+)
You are resistant to electric shocks. (rElec)
You are resistant to unholy torment.
You are immune to petrification.
You have sharp fingernails.
Armour fits poorly on your strangely shaped body.
Your spells are a little easier to cast, but a little less powerful.


Message History

You closely miss the gnoll.
The gnoll is severely wounded.
The gnoll hits you but does no damage.
You sock the gnoll!
You kill the gnoll!
The bat barely misses you. The bat hits you but does no damage.
You sock the bat!
You kill the bat!
You have reached level 4!
You feel stronger. The gnoll hits you with a +0 flail!
You block the gnoll's attack.
Things that are here:
a +0 whip; a bat corpse You hit the gnoll but do no damage.
The gnoll hits you but does no damage. The gnoll hits you with a +0 flail!
You closely miss the gnoll. The gnoll misses you.
The gnoll hits you from afar with a +0 halberd.
You barely miss the gnoll.
The gnoll hits you from afar with a +0 halberd!
* * * LOW HITPOINT WARNING * * *
The gnoll hits you but does no damage.
You sock the gnoll!
The gnoll is severely wounded.
You block the gnoll's attack. The gnoll closely misses you.
You block the gnoll's attack. The gnoll hits you with a +0 flail.
* * * LOW HITPOINT WARNING * * *
It was a potion of mutation.
You feel extremely strange.
Your connection to magic feels subdued.
Your fingernails lengthen.
Your body twists and deforms.
The gnoll hits you but does no damage. The gnoll closely misses you.
You barely miss the gnoll.
The gnoll is severely wounded.
You block the gnoll's attack. The gnoll barely misses you.
You closely miss the gnoll.
The gnoll is severely wounded.
You block the gnoll's attack. The gnoll barely misses you.
You thump the gnoll!
You kill the gnoll!
The gnoll hits you from afar with a +0 halberd!
You die...

####### #.....# #..
#.....# #.#
###.....####.#
#............#
#.#..........#####
#.#.##............
#.#.##........######
#.#.[......†..g)@..#
#.######.####.####.#
.†######.# #.# .#
.........# #b# .#
...####### ... .#
...# ... .# ...#
..g.. ## ...# .....
...# .......


You could see a gnoll.

Vanquished Creatures
  2 gnolls (D:2)
  2 adders (D:2)
  A worm (D:2)
  A ball python (D:1)
  2 endoplasms
  2 giant cockroaches (D:1)
  A goblin (D:1)
  A hobgoblin (D:1)
  A kobold (D:2)
  3 quokkas (D:1)
  6 bats
  A frilled lizard (D:1)
  3 rats
26 creatures vanquished.

Notes
Turn   | Place    | Note
-------+----------+-------------------------------------------
     0 | D:1      | Almogavar the Gargoyle Fighter began the quest for the Orb.
     0 | D:1      | Reached XP level 1. HP: 14/14 MP: 1/1
    98 | D:1      | Reached XP level 2. HP: 19/19 MP: 2/2
   792 | D:2      | Reached XP level 3. HP: 21/23 MP: 3/3
   967 | D:2      | Reached XP level 4. HP: 29/29 MP: 4/4
   972 | D:2      | Gained mutation: Your spells are a little easier to cast,
                  | but a little less powerful. [potion of mutation]
   972 | D:2      | Gained mutation: You have sharp fingernails. [potion of
                  | mutation]
   972 | D:2      | Gained mutation: Armour fits poorly on your strangely
                  | shaped body. [potion of mutation]
   975 | D:2      | Slain by a gnoll

Illustrated notes

Levels and vault maps discovered:
D:1:      roderic_crossed_star, layout_basic
D:2:      layout_basic

Action                     |  1- 3 |  4- 6 || total
---------------------------+-------+-------++-------
  Melee: Flail             |    89 |     7 ||    96
    Use: Potion            |       |     1 ||     1
 Armour: Scale mail        |    65 |     3 ||    68
  Dodge: Dodged            |    58 |     5 ||    63
  Block: Buckler           |    14 |     5 ||    19
